 Dungeon Crawl Stone Soup version 0.30-a0-913-g9934a0ce24 (webtiles) character file.

Game seed: 5924444996676408226

35 cheesebisquit the Carver (level 3, 0/31 HPs)
             Began as a Gnoll Wanderer on Mar 19, 2023.
             Slain by an adder (1 damage)
             ... on level 2 of the Dungeon.
             The game lasted 00:03:21 (1290 turns).

cheesebisquit the Carver (Gnoll Wanderer)           Turns: 1290, Time: 00:03:22

Health: 0/31       AC:  4    Str: 10    XL:     3   Next: 35%
Magic:  5/7        EV: 11    Int: 13    God:
Gold:   44         SH:  0    Dex: 12    Spells: 6/7 levels left

rFire   . . .      SeeInvis .    a - +3 falchion
rCold   . . .      Faith    .    (no shield)
rNeg    . . .      Spirit   .    c - +0 robe
rPois   .          Reflect  .    e - +1 helmet
rElec   .          Rampage  .    (no cloak)
rCorr   .                        (no gloves)
Will    .....                    (no boots)
Stlth   +                        (no amulet)
HPRegen 0.25/turn                (no ring)
MPRegen 0.10/turn                (no ring)

@: no status effects
A: fangs 1, strong nose, distributed training
a: no special abilities


You were on level 2 of the Dungeon.
You visited 1 branch of the dungeon, and saw 2 of its levels.

You collected 44 gold pieces.

Inventory:

Hand Weapons
 a - a +3 falchion (weapon)
Armour
 c - a +0 robe (worn)
 e - a +1 helmet (worn)
Scrolls
 d - a scroll of vulnerability {unknown}
 f - a scroll of torment {unknown}
 g - 2 scrolls of identify {unknown}
 h - 3 scrolls of magic mapping {unknown}
Potions
 b - a potion of curing


   Skills:
 + Level 4.5 Fighting
 + Level 0.8 Short Blades
 + Level 10.4 Long Blades
 + Level 0.8 Axes
 + Level 0.8 Maces & Flails
 + Level 0.8 Polearms
 + Level 0.8 Staves
 + Level 0.8 Ranged Weapons
 + Level 0.8 Throwing
 + Level 2.6 Armour
 + Level 0.8 Dodging
 + Level 0.8 Stealth
 + Level 0.8 Shields
 + Level 0.8 Unarmed Combat
 + Level 2.8 Spellcasting
 + Level 0.5 Conjurations
 + Level 0.5 Hexes
 + Level 0.5 Summonings
 + Level 0.5 Necromancy
 + Level 0.5 Translocations
 + Level 0.5 Transmutations
 + Level 2.1 Fire Magic
 + Level 0.5 Ice Magic
 + Level 0.5 Air Magic
 + Level 0.5 Earth Magic
 + Level 0.5 Poison Magic
 + Level 1.0 Invocations
 + Level 0.8 Evocations


You had 6 spell levels left.
You knew the following spells:

 Your Spells              Type           Power      Damage    Failure   Level
a - Foxfire               Conj/Fire      20%        2x1d5     14%         1

Your spell library contained the following spells:

 Spells                   Type           Power      Damage    Failure   Level
 Ignite Poison            Fire/Tmut/Pois 4%         N/A       41%         3


Dungeon Overview and Level Annotations

Branches:
Dungeon (2/15)

Altars:


Innate Abilities, Weirdness & Mutations

You have very sharp teeth.
Your uncanny sense of smell can sniff out nearby items.
Your experience applies equally to all skills.


Message History

A gnoll comes into view. It is wielding a +0 spear.
You conjure some foxfire!
The gnoll shouts!
The foxfire hits the gnoll.
The gnoll is moderately wounded.
The foxfire hits the adder.
The adder is heavily wounded.
A gnoll comes into view. It is wielding a +0 flail.
The gnoll barely misses you.
The gnoll throws a throwing net.
The throwing net hits you.
You become entangled in the net!
The adder bites you but does no damage.
You struggle against the net.
The gnoll hits you from afar with a +0 spear.
The adder bites you.
You struggle against the net.
The gnoll hits you from afar with a +0 spear.
The gnoll closely misses you. The adder barely misses you.
You struggle against the net.
The gnoll shouts!
The adder closely misses you. The rat bites you.
The gnoll hits you from afar with a +0 spear.
You struggle against the net.
The adder bites you but does no damage.
The gnoll hits you from afar with a +0 spear.
The gnoll hits you but does no damage. The gnoll barely misses you.
The rat bites you. The adder bites you but does no damage.
You shred the net and break free! The gnoll barely misses you.
The gnoll hits you from afar with a +0 spear.
* * * LOW HITPOINT WARNING * * *
The gnoll barely misses you. The rat bites you.
* * * LOW HITPOINT WARNING * * *
The adder misses you. The gnoll hits you with a +0 flail!
* * * LOW HITPOINT WARNING * * *
You are too injured to fight recklessly!
Casting: Foxfire (safe; 14% risk of failure)
Press: ? - help, Q - select action Dir - look around, f - activate You conjure some foxfire!
The adder completely misses you. The gnoll completely misses you. x2
The rat misses you. The adder bites you.
You die...

#.... #....
.#....
......#+#####
............#
............#
.......gg...#
...$..gr.v..###
#......S@g..'.#
#.......v...#.#
#...........#.#
#...........#.#
#.....<.....#.#
..###########.#
.. #.# #.# #.#


You could see 4 gnolls, an adder (ally target) and a rat.

Vanquished Creatures
  2 dart slugs
  3 endoplasms
  4 goblins
  2 hobgoblins
  3 kobolds (D:1)
  A quokka (D:2)
  3 ball pythons (D:1)
  2 bats (D:1)
  3 frilled lizards (D:1)
  6 rats
29 creatures vanquished.

Vanquished Creatures (others)
  56 foxfires
56 creatures vanquished.

Grand Total: 85 creatures vanquished

Notes
Turn   | Place    | Note
-------+----------+-------------------------------------------
     0 | D:1      | Reached skill level 10 in Long Blades
     0 | D:1      | cheesebisquit the Gnoll Wanderer began the quest for the
                  | Orb.
     0 | D:1      | cheesebisquit set off with the following items: a +3
                  | falchion, a potion of curing, a +0 robe; and the following
                  | spell memorised: Foxfire; and the following spells
                  | available to memorise: Ignite Poison.
     0 | D:1      | Reached XP level 1. HP: 20/20 MP: 4/4
   288 | D:1      | Reached XP level 2. HP: 26/26 MP: 3/5
   830 | D:1      | Reached XP level 3. HP: 31/31 MP: 4/7
  1183 | D:2      | Reached skill level 1 in Invocations
  1289 | D:2      | HP: 1/31 [gnoll/+0 flail (7)]
  1290 | D:2      | Slain by an adder

Illustrated notes

Levels and vault maps discovered:
D:1:      giann_horns, layout_loops_ring, minmay_pentomino_t2
D:2:      layout_basic, kennysheep_small_spiral

Skill      XL: |  1  2  3 |
---------------+----------+-----
Long Blades    | | 10.4
Fire Magic     | 2 |  2.1
Invocations    | 1 |  1.0
Fighting       | |  4.5
Short Blades   | |  0.8
Axes           | |  0.8
Maces & Flails | |  0.8
Polearms       | |  0.8
Staves         | |  0.8
Ranged Weapons | |  0.8
Throwing       | |  0.8
Armour         | |  2.6
Dodging        | |  0.8
Stealth        | |  0.8
Shields        | |  0.8
Unarmed Combat | |  0.8
Spellcasting   | |  2.8
Conjurations   | |  0.5
Hexes          | |  0.5
Summonings     | |  0.5
Necromancy     | |  0.5
Translocations | |  0.5
Transmutations | |  0.5
Ice Magic      | |  0.5
Air Magic      | |  0.5
Earth Magic    | |  0.5
Poison Magic   | |  0.5
Evocations     | |  0.8

Action                     || total
---------------------------++-------
  Melee: Falchion          ||    25
         Bite              ||     1
   Cast: Foxfire           ||    32
 Armour: Robe              ||     9
  Dodge: Dodged            ||    27

Table legend: (Time is in decaauts)
 A = Elapsed time spent in this place.
 B = Non-inter-level travel time spent in this place.
 C = Inter-level travel time spent in this place.
 D = Time resting spent in this place.
 E = Time spent auto-exploring this place.
 F = Levels seen in this place.
 G = Mean time per level.
                   A        B        C        D        E       F      G
               +--------+--------+--------+--------+--------+-----+--------+
         Total |   1284 |   1247 |     37 |      0 |   1063 |   2 |  642.0 |
       Dungeon |   1284 |   1247 |     37 |      0 |   1063 |   2 |  642.0 |
               +--------+--------+--------+--------+--------+-----+--------+

Top non-repeatable levels by time:
     D:1: 950 daAuts
     D:2: 333 daAuts
